 Dungeon Crawl Stone Soup version 0.21-a0-398-g2ec2765 (webtiles) character file.

3215 PinkySpy the Blocker (level 9, -4/81 HPs)
             Began as a Deep Dwarf Fighter on Oct 20, 2017.
             Was a Believer of Okawaru.
             Shot with an arrow by a centaur (8 damage)
             ... on level 9 of the Dungeon.
             The game lasted 01:18:43 (6573 turns).

PinkySpy the Blocker (Deep Dwarf Fighter)           Turns: 6573, Time: 01:18:44

Health: -4/81      AC: 13    Str: 21 (23) XL:     9   Next: 65%
Magic:  0/0        EV:  7    Int: 12 (14) God:    Okawaru [**....]
Gold:   314        SH: 11    Dex: 11 (12) Spells: 8/8 levels left

rFire    x . .     SeeInvis .   f - +1 short sword (holy)
rCold    + . .     Gourm    +   c - +0 shield
rNeg     . . .     Faith    .   b - +0 plate armour {rPois}
rPois    +         Spirit   .   (no helmet)
rElec    .         Reflect  .   (no cloak)
rCorr    .         Harm     .   (no gloves)
MR       ++...                  (no boots)
Stlth    ..........             C - amulet of the gourmand
HPRegen  0.00/turn              k - ring of protection from magic
MPRegen  0.07/turn              i - ring of ice

@: brilliant, non-regenerating
A: damage resistance, heal wounds, sense surroundings 2, no regeneration
a: Heal Wounds, Heroism, Renounce Religion


You were on level 9 of the Dungeon.
You worshipped Okawaru.
Okawaru was pleased with you.
You were full.

You visited 1 branch of the dungeon, and saw 10 of its levels.

You collected 314 gold pieces.

Inventory:

Hand Weapons
 a - a +0 war axe
 f - a +1 short sword of holy wrath (weapon)
 t - a +0 hunting sling
 w - a +0 scythe
Missiles
 D - 44 poisoned needles
Armour
 b - a +0 plate armour of poison resistance (worn)
 c - a +0 shield (worn)
 e - a +1 leather armour of cold resistance
 h - a +0 ring mail
 r - a +0 chain mail
 s - a +1 scale mail
Jewellery
 i - a ring of ice (right hand)
 k - a ring of protection from magic (left hand)
 C - an amulet of the gourmand (around neck)
Wands
 A - a wand of flame (46/48)
 B - a wand of iceblast (7/15)
Scrolls
 l - 2 scrolls of enchant weapon
 o - 3 scrolls of enchant armour
 x - a scroll of blinking
 F - a scroll of identify
 H - a scroll of immolation
Potions
 d - a potion of might
 j - 2 potions of degeneration
 q - a potion of lignification
Books
 y - a book of Frost

   Spells                             Type                      Level
   a - Freeze                         Ice                          1
   b - Throw Frost                    Conjuration/Ice              2
   c - Ozocubu's Armour               Charms/Ice                   3
   d - Throw Icicle                   Conjuration/Ice              4
   e - Summon Ice Beast               Ice/Summoning                4
Comestibles
 m - 7 meat rations
 n - a royal jelly
 p - 3 bread rations
 u - 6 fruits


   Skills:
 + Level 5.0 Fighting
 + Level 5.3 Short Blades
 + Level 3.6 Axes
 + Level 7.9 Armour
 + Level 4.7 Dodging
 + Level 1.3 Stealth
 + Level 8.7 Shields


You had 8 spell levels left.
You didn't know any spells.

Dungeon Overview and Level Annotations

Branches:
Dungeon (10/15)            Temple (0/1) D:5             Orc (0/2) D:9
   Lair: D:8-11

Altars:
Nemelex Xobeh
Okawaru

Annotations:
D:9 Psyche


Innate Abilities, Weirdness & Mutations

You are resistant to damage.
You can heal yourself by infusing magical energy.
You passively map the area around you.
You do not regenerate.


Message History

The bullfrog barely misses you.
The crimson imp blinks!
You block the bullfrog's attack.
The bullfrog hits you but does no damage.
The bullfrog hits you. You block the bullfrog's attack.
The centaur wields an uncursed shortbow.
The centaur shoots an arrow.
The arrow hits you but does no damage.
The bullfrog hits you but does no damage.
The bullfrog hits you.
The bullfrog hits you but does no damage.
The bullfrog hits you but does no damage.
You completely miss the centaur.
The centaur unwields an uncursed shortbow.
You block the centaur's attack.
The bullfrog hits you but does no damage.
The centaur wields an uncursed shortbow.
The centaur shoots an arrow.
You block the arrow.
The centaur shoots an arrow.
The arrow hits you!
You die...

#######.# #.......#
,#.####5.#
,#.#..#..#
,#.#..#.5#####
#o#..#...o..#
,#.#..#......#
+#o#..#.....o######
..5...#.......F.@.#
...o.....#...c....#
......#.##........#
......#.....#######
.#..........#
.'..........#
##o.........#
'...........#
#...........#


You could see a bullfrog, a centaur and an orc.

Vanquished Creatures
  Pikel (D:4)
  Sigmund (D:4)
  Eustachio (D:6)
  The ghost of nago the Twirler, an amateur GnWn (D:4)
  An ice beast (D:7)
  An orc warrior (D:8)
  3 sky beasts
  2 black bears (D:7)
  A slave (D:4)
  4 ogres
  A centaur (D:7)
  A bullfrog (D:7)
  A gnoll sergeant (D:10)
  A water moccasin zombie (D:5)
  2 scorpions
  4 howler monkeys
  A crimson imp (D:5)
  A hound (D:4)
  A quasit (D:7)
  2 jellies
  4 bullfrog skeletons
  An orc wizard (D:7)
  A centaur skeleton (D:4)
  An iguana (D:8)
  5 worker ants
  Terence (D:3)
  A hound zombie (D:5)
  4 hound skeletons
  Robin (D:3)
  13 gnolls
  10 adders
  A shadow imp (D:7)
  An adder skeleton (D:2)
  An adder zombie (D:5)
  5 worms
  2 dart slugs
  6 leopard geckos
  11 orcs
  A ball python (D:2)
  5 giant cockroaches
  19 goblins
  8 hobgoblins
  8 jackals
  3 quokkas
  5 bats
  7 frilled lizards
  4 kobolds
  2 leopard gecko skeletons
  A leopard gecko zombie (D:5)
  7 rats
170 creatures vanquished.

Vanquished Creatures (others)
  A howler monkey (D:4)
  A gnoll (D:4)
  A worm (D:4)
  2 orcs (D:4)
  A hobgoblin (D:4)
  A goblin (D:4)
7 creatures vanquished.

Grand Total: 177 creatures vanquished

Notes
Turn   | Place    | Note
-------+----------+-------------------------------------------
     0 | D:1      | PinkySpy the Deep Dwarf Fighter began the quest for the Orb.
     0 | D:1      | Reached XP level 1. HP: 20/20 MP: 1/1
   264 | D:1      | Reached XP level 2. HP: 27/27 MP: 1/1
  1023 | D:2      | Reached XP level 3. HP: 23/33 MP: 2/2
  2182 | D:2      | Reached XP level 4. HP: 36/42 MP: 3/3
  2496 | D:2      | Reached skill level 1 in Dodging
  2646 | D:3      | Reached skill level 1 in Stealth
  2646 | D:3      | Reached XP level 5. HP: 49/49 MP: 2/2
  2692 | D:3      | Reached skill level 4 in Shields
  2751 | D:3      | Noticed Terence
  2780 | D:3      | Killed Terence
  2814 | D:3      | Noticed Robin
  2825 | D:3      | Killed Robin
  3101 | D:4      | Reached skill level 1 in Short Blades
  3136 | D:4      | Reached XP level 6. HP: 33/56 MP: 3/3
  3139 | D:4      | Noticed a slave
  3142 | D:4      | Noticed Pikel
  3142 | D:4      | Noticed a slave
  3143 | D:4      | Noticed a slave
  3149 | D:4      | Noticed a slave
  3200 | D:4      | Killed a slave
  3213 | D:4      | Noticed Sigmund
  3252 | D:4      | Killed Pikel
  3252 | D:4      | Reached skill level 5 in Armour
  3252 | D:4      | Reached skill level 5 in Shields
  3252 | D:4      | Reached XP level 7. HP: 42/63 MP: 3/3
  3296 | D:4      | Noticed nago's ghost (amateur GnWn)
  3301 | D:4      | Killed Sigmund
  3314 | D:4      | Killed nago's ghost
  3314 | D:4      | Reached skill level 6 in Shields
  3314 | D:4      | Reached XP level 8. HP: 62/72 MP: 3/3
  3416 | D:4      | Found an iron altar of Okawaru.
  3518 | D:4      | Became a worshipper of Warmaster Okawaru
  3953 | D:5      | Entered Level 5 of the Dungeon
  4122 | D:5      | Found a staircase to the Ecumenical Temple.
  4825 | D:6      | Reached * piety under Okawaru
  4845 | D:6      | Noticed Eustachio
  4937 | D:6      | Reached skill level 7 in Shields
  5003 | D:6      | Killed Eustachio
  5003 | D:6      | Gained mutation: You passively map the area around you. [Deep Dwarf growth]
  5003 | D:6      | Reached XP level 9. HP: 60/79 MP: 3/3
  5360 | D:6      | Found a sparkling altar of Nemelex Xobeh.
  5568 | D:7      | Reached ** piety under Okawaru
  5599 | D:7      | Reached skill level 8 in Shields
  6226 | D:8      | Reached skill level 5 in Short Blades
  6283 | D:8      | Reached skill level 5 in Fighting
  6299 | D:8      | You fall through a shaft for 2 floors!
  6299 | D:10     | Entered Level 10 of the Dungeon
  6424 | D:10     | Noticed a troll
  6477 | D:9      | Noticed Psyche
  6479 | D:9      | Found a staircase to the Orcish Mines.
  6555 | D:9      | HP: 4/81 [bullfrog (3)]
  6573 | D:9      | Shot with an arrow by a centaur

Vault maps used:
D:1:      dpeg_arrival_round_b, minivault_14
D:2:      minmay_diamond_boxcup
D:3:      uniq_robin, uniq_terence
D:4:      minmay_misc_feat_hallway, okawaru_altar_gauntlet_db, uniq_sigmund,
          uniq_pikel
D:5:      minmay_temple_entry_poolview, first_bread
D:6:      lemuel_doored_altar, corexii_shack, uniq_eustachio
D:7:      minmay_misc_feat_diagonals
D:8:      basic_altar, the_bakery, uniq_grum
D:9:      david_orc_2, uniq_psyche

Skill      XL: |  1  2  3  4  5  6  7  8  9 |
---------------+----------------------------+-----
Axes           | 3 |  3.6
Fighting       | 3 4 5 |  5.0
Armour         | 4 5 6 7 |  7.9
Dodging        | 1 2 3 4 |  4.7
Stealth        | 1 |  1.3
Shields        | 4 5 6 7 8 |  8.7
Short Blades   | 1 2 4 5 |  5.3

Action                   |  1- 3 |  4- 6 |  7- 9 || total
-------------------------+-------+-------+-------++-------
Melee: War axe           |    98 |       |       ||    98
       Short sword       |    46 |   340 |   806 ||  1192
 Abil: Heal Wounds       |     3 |    22 |    25 ||    50
Evoke: Wand              |       |       |     1 ||     1
  Use: Scroll            |       |     2 |    16 ||    18
       Potion            |       |       |     7 ||     7
 Stab: Distracted        |       |       |     1 ||     1
  Eat: Bread ration      |     1 |       |       ||     1
       Chunk             |       |     3 |    13 ||    16
       Meat ration       |       |       |     1 ||     1
Armor: Scale mail        |    49 |   240 |    64 ||   353
       Chain mail        |       |       |   171 ||   171
       Plate armour      |       |       |   270 ||   270
       Skin              |       |       |     7 ||     7
Dodge: Dodged            |    50 |   258 |   402 ||   710
Block: Shield            |    83 |   349 |   722 ||  1154

Table legend:
 A = Spawn XP
 B = Non-spawn XP
 C = Spawn XP percentage of total XP
 D = Spawn monster count
 E = Non-spawn monster count
 F = Spawn count percentage of total count
 G = Total turns spent on level
                    A         B        C        D         E        F      G
               +---------+---------+-------+---------+---------+-------+---------
         Total |       0 |    4594 |   0.0 |       0 |     169 |   0.0 |  6573
               +---------+---------+-------+---------+---------+-------+---------
           D:1 |       0 |      35 |   0.0 |       0 |      20 |   0.0 |  1017
           D:2 |       0 |     154 |   0.0 |       0 |      30 |   0.0 |  1610
           D:3 |       0 |     134 |   0.0 |       0 |      21 |   0.0 |   411
           D:4 |       0 |    1354 |   0.0 |       0 |      25 |   0.0 |   915
           D:5 |       0 |     574 |   0.0 |       0 |      23 |   0.0 |   858
           D:6 |       0 |     834 |   0.0 |       0 |      15 |   0.0 |   679
           D:7 |       0 |     851 |   0.0 |       0 |      22 |   0.0 |   711
           D:8 |       0 |     302 |   0.0 |       0 |       5 |   0.0 |    98
          D:10 |       0 |     356 |   0.0 |       0 |       8 |   0.0 |   182
               +---------+---------+-------+---------+---------+-------+---------
